 Dungeon Crawl Stone Soup version 0.18.1-50-g88ac8fd (webtiles) character file.

2779 Gianozzolo the Transmogrifier (level 9, -3/74 HPs)
             Began as a Naga Transmuter on Nov 13, 2017.
             Was a Follower of Cheibriados.
             Slain by a gnoll
             ... wielding a +0 halberd
              (10 damage)
             ... on level 6 of the Dungeon.
             The game lasted 00:18:30 (6106 turns).

Gianozzolo the Transmogrifier (Naga Transmuter)     Turns: 6106, Time: 00:18:32

Health: -3/74      AC:  9    Str: 15    XL:     9   Next: 70%
Magic:  11/15      EV:  7    Int: 19    God:    Cheibriados [*.....]
Gold:   345        SH:  0    Dex: 16    Spells: 3 memorised, 7 levels left

rFire  . . .     SeeInvis +       - Unarmed
rCold  . . .     Gourm    .     h - +0 ring mail
rNeg   . . .     Faith    .     (shield currently unavailable)
rPois  +         Spirit   .     (no helmet)
rElec  .         Dismiss  .     (no cloak)
rCorr  .         Reflect  .     (gloves currently unavailable)
SustAt .         Harm     .     I - +0 naga barding
MR     +....                    (no amulet)
Stlth  +.........               (no ring)
                                (no ring)

@: blade hands (expiring), very slow, somewhat resistant to hostile
enchantments, very unstealthy
A: see invisible, deformed body, poison resistance, slowness 2, slow metabolism
1, spit poison 2, AC +3
a: Spit Poison, End Transformation, Bend Time, Renounce Religion


You were on level 6 of the Dungeon.
You worshipped Cheibriados.
Cheibriados was aware of your devotion.
You were very hungry.
You had blades for hands.
You visited 2 branches of the dungeon, and saw 8 of its levels.
You also visited: Ossuary.

You collected 345 gold pieces.

Inventory:

Armour
 h - a +0 ring mail (worn)
 q - a +0 pair of gloves (melded)
 I - a +0 naga barding (worn)
Wands
 w - a wand of flame (12/48)
 H - a wand of lightning (2/15)
Scrolls
 a - a scroll of teleportation {unknown}
 f - a scroll of enchant armour {unknown}
 j - a scroll of enchant weapon {unknown}
 k - 6 scrolls of remove curse
 p - a scroll of random uselessness {unknown}
 y - a scroll of amnesia {unknown}
 D - a scroll of immolation {unknown}
 J - a scroll of blinking {unknown}
Potions
 e - 2 potions of resistance
 g - 3 potions of curing
 i - 2 potions of cancellation
 n - a potion of ambrosia {unknown}
 o - a potion of degeneration {unknown}
 r - 3 potions of might {unknown}
 s - a potion of flight {unknown}
 t - 4 potions of lignification
 u - 3 potions of haste {unknown}
 v - 3 potions of invisibility {unknown}
 x - 4 potions of heal wounds
 z - a potion of agility
 B - a potion of magic {unknown}
 C - a potion of brilliance {unknown}
 G - a potion of berserk rage {unknown}
Books
 c - a book of Changes

   Spells                             Type                      Level
   a - Beastly Appendage              Transmutation                1
   b - Sticks to Snakes               Transmutation                2
   c - Spider Form                    Transmutation/Poison         3
   d - Ice Form                       Ice/Transmutation            4
   e - Blade Hands                    Transmutation                5
Comestibles
 d - 4 bread rations
 l - 3 meat rations
 m - 3 slices of pizza
 F - 3 fruits


   Skills:
 + Level 2.4 Fighting
 - Level 1.5 Dodging
 * Level 7.1 Unarmed Combat
 - Level 4.0 Spellcasting
 - Level 10.0 Transmutations
 - Level 2.6 Poison Magic
 + Level 2.2 Invocations


You had 7 spell levels left.
You knew the following spells:

 Your Spells              Type           Power        Failure   Level  Hunger
a - Beastly Appendage     Trmt           #####.       12%         1    None
b - Spider Form           Trmt/Pois      ####......   45%         3    ###....
c - Blade Hands           Trmt           #####.....   54%         5    ######.


Dungeon Overview and Level Annotations

Branches:
Dungeon (7/15)             Temple (1/1) D:6

Altars:
Cheibriados
Fedhas
Gozag
Kikubaaqudgha
Makhleb
Okawaru
Pakellas
Qazlal
Ru
Sif Muna
Trog
Xom
Zin
The Shining One

Annotations:
D:7 Joseph


Innate Abilities, Weirdness & Mutations

You cannot wear boots.
Your serpentine skin is tough (AC +3).
You have supernaturally acute eyesight.
Armour fits poorly on your strangely shaped body.
Your system is resistant to poisons.
You cover ground very slowly.
You have a slow metabolism.
You can spit poison.


Message History

You hit the gnoll sergeant.
The gnoll sergeant is moderately wounded.
The gnoll hits you with a halberd!
* * * LOW HITPOINT WARNING * * *
You hit the gnoll sergeant.
The gnoll sergeant is heavily wounded.
The gnoll sergeant hits you with a spear!
* * * LOW HITPOINT WARNING * * *
You hit the gnoll sergeant.
The gnoll sergeant is heavily wounded.
The gnoll hits you with a halberd.
* * * LOW HITPOINT WARNING * * *
The gnoll sergeant hits you with a spear.
* * * LOW HITPOINT WARNING * * *
You hit the gnoll sergeant.
You slash the gnoll sergeant, but do no damage.
The gnoll sergeant is severely wounded.
The gnoll sergeant hits you but does no damage.
The gnoll hits you with a halberd!
You die...

##.#.......#....##...#§≈≈≈≈≈≈≈≈
#.#.......#....##.###≈........
#....._........##.###≈.....#..
#.#.......#.........#≈.....#..
#.#.......#....##.###≈..#..#..
###.##.....##.........#≈..#(.#..
#.[.####.####.#..##.###≈..###.##
#.#...........#gg##.###≈..#..#..
##.#.###########@......#§..#..#..
.....### #########≈.....#..
##.....# #≈.....#.. ######.#
#≈.§.....§ .# #.# #≈≈≈§§≈.≈≈ P#
#.# #######'## .## #.# #..#..#
P.# #.# ###########..##)# ..# #.#
#...............)


You could see a gnoll sergeant and a gnoll.

Vanquished Creatures
  The ghost of daftwullie the Ruffian, a novice NaFi of Cheibriados (D:6)
  Grinder (D:5)
  Sigmund (D:2)
  A sky beast (D:5)
  A necrophage (D:6)
  An ice beast (D:5)
  2 ogres
  Blork the orc (D:6)
  3 giant frogs
  4 water moccasin zombies (Ossuary)
  A scorpion (D:5)
  2 howler monkeys
  A crimson imp (D:6)
  A quasit (D:5)
  3 hounds
  2 orc priests (D:6)
  A centaur skeleton (D:5)
  A jelly (D:5)
  4 orc wizards (D:6)
  Jessica (D:2)
  3 giant frog skeletons (D:5)
  Terence (D:2)
  5 worker ants
  2 big kobold zombies (Ossuary)
  A hound skeleton (D:4)
  2 mummies (Ossuary)
  2 howler monkey skeletons
  6 adders
  A gnoll (D:6)
  An ooze (D:6)
  An adder zombie (Ossuary)
  3 worms (D:2)
  A dart slug (D:3)
  2 giant geckos (D:3)
  16 orcs
  5 bats
  3 giant cockroaches
  2 gnoll zombies (Ossuary)
  11 goblins
  3 hobgoblins
  4 jackals
  10 kobolds
  3 quokkas
  A giant gecko skeleton (D:4)
  3 giant newts
  7 hobgoblin zombies (Ossuary)
  A jackal skeleton (D:5)
  5 kobold zombies (Ossuary)
  3 orc zombies (Ossuary)
  7 rats
148 creatures vanquished.

Notes
Turn   | Place    | Note
--------------------------------------------------------------
     0 | D:1      | Gianozzolo the Naga Transmuter began the quest for the Orb.
     0 | D:1      | Reached XP level 1. HP: 18/18 MP: 3/3
    92 | D:1      | Reached XP level 2. HP: 23/25 MP: 3/5
   774 | D:2      | Noticed Jessica
   778 | D:2      | Killed Jessica
   778 | D:2      | Reached skill level 3 in Transmutations
   778 | D:2      | Reached XP level 3. HP: 31/31 MP: 4/6
   787 | D:2      | Learned a level 3 spell: Spider Form
   862 | D:2      | Reached XP level 4. HP: 23/38 MP: 0/7
   919 | D:2      | Reached skill level 1 in Poison Magic
  1136 | D:2      | Noticed Sigmund
  1170 | D:2      | Killed Sigmund
  1170 | D:2      | Reached skill level 4 in Transmutations
  1170 | D:2      | Reached XP level 5. HP: 36/44 MP: 5/8
  1170 | D:2      | Reached XP level 6. HP: 42/51 MP: 5/9
  1228 | D:2      | Noticed Terence
  1238 | D:2      | Killed Terence
  1579 | D:3      | Reached skill level 5 in Transmutations
  1769 | D:3      | Found a bloodstained altar of Trog.
  2215 | D:4      | Reached XP level 7. HP: 53/57 MP: 6/10
  2250 | D:4      | Reached skill level 6 in Transmutations
  2419 | D:4      | Found a sand-covered staircase.
  2427 | Ossuary  | Entered an ossuary
  2443 | Ossuary  | Learned a level 5 spell: Blade Hands
  2680 | Ossuary  | Reached skill level 5 in Unarmed Combat
  3510 | D:5      | Entered Level 5 of the Dungeon
  3614 | D:5      | Found a glowing silver altar of Zin.
  3704 | D:5      | Reached skill level 7 in Transmutations
  3704 | D:5      | Reached XP level 8. HP: 20/64 MP: 7/11
  3710 | D:5      | Found a blossoming altar of Fedhas.
  4038 | D:5      | Found an iron altar of Okawaru.
  4277 | D:5      | Noticed Grinder
  4281 | D:5      | Reached skill level 8 in Transmutations
  4301 | D:5      | Killed Grinder
  4616 | D:5      | Reached skill level 9 in Transmutations
  4766 | D:5      | Found a deep blue altar of Sif Muna.
  4837 | D:6      | Reached XP level 9. HP: 25/70 MP: 10/14
  4875 | D:6      | Noticed Blork the orc
  4888 | D:6      | Killed Blork the orc
  4934 | D:6      | Found a burning altar of Makhleb.
  5270 | D:6      | Found a staircase to the Ecumenical Temple.
  5277 | Temple   | Entered the Ecumenical Temple
  5285 | Temple   | Became a worshipper of Cheibriados the Contemplative
  5580 | D:6      | Reached * piety under Cheibriados
  5594 | D:6      | Reached skill level 10 in Transmutations
  6042 | D:6      | Noticed daftwullie's ghost (novice NaFi)
  6055 | D:6      | Killed daftwullie's ghost
  6088 | D:7      | Noticed Joseph
  6106 | D:6      | Slain by a gnoll

Skill      XL: |  1  2  3  4  5  6  7  8  9 |
---------------+----------------------------+-----
Transmutations | 3 4 5 7 9 10 | 10.0
Poison Magic   | 2 |  2.6
Unarmed Combat | 4 5 6 7 |  7.1
Spellcasting   | 3 4 |  4.0
Fighting       | 2 |  2.4
Invocations    | 2 |  2.2
Dodging        | |  1.5

Action                   |  1- 3 |  4- 6 |  7- 9 || total
-------------------------+-------+-------+-------++-------
Melee: Unarmed           |    56 |    85 |   420 ||   561
       Headbutt          |     7 |     1 |    24 ||    32
       Punch             |       |     1 |     6 ||     7
 Cast: Beastly Appendage |     8 |     6 |    20 ||    34
       Spider Form       |     2 |     8 |    14 ||    24
       Blade Hands       |       |       |     5 ||     5
 Abil: Spit Poison       |     8 |    11 |     7 ||    26
       End Transformatio |       |       |     1 ||     1
Evoke: Wand              |       |       |     2 ||     2
  Use: Scroll            |       |       |     6 ||     6
       Potion            |       |       |     2 ||     2
 Stab: Distracted        |       |       |     1 ||     1
  Eat: Chunk             |       |     6 |    12 ||    18
       Beef jerky        |       |       |     1 ||     1
Armor: Robe              |    20 |     9 |    62 ||    91
       Skin              |       |     5 |    11 ||    16
       Ring mail         |       |       |    17 ||    17
Dodge: Dodged            |    39 |    65 |   245 ||   349
